 Dungeon Crawl Stone Soup version 0.18.1-48-g4cf74bf (webtiles) character file.

58 HEYYEYAAE the Chiller (level 3, 0/28 HPs)
             Began as a Draconian Ice Elementalist on Sept 4, 2016.
             Slain by Crazy Yiuf
             ... wielding a +4 quarterstaff of chaos
              (15 damage)
             ... on level 2 of the Dungeon.
             The game lasted 00:01:49 (2077 turns).

HEYYEYAAE the Chiller (Draconian Ice Elementalist)  Turns: 2077, Time: 00:01:51

Health: 0/28       AC:  5    Str: 10    XL:     3   Next: 75%
Magic:  3/6        EV: 12    Int: 16    God:
Gold:   143        SH:  0    Dex: 11    Spells: 1 memorised, 6 levels left

rFire  . . .     SeeInvis .     i - +3 hand axe (elec)
rCold  . . .     Gourm    .     (armour unavailable)
rNeg   . . .     Faith    .     (no shield)
rPois  .         Spirit   .     (helmet restricted)
rElec  .         Dismiss  .     (no cloak)
rCorr  .         Reflect  .     (no gloves)
SustAt .         Harm     .     (no boots)
MR     .....                    (no amulet)
Stlth  ++........               (no ring)
                                (no ring)

@: not resistant to hostile enchantments, unstealthy
A: unfitting armour, cold-blooded, AC +5
a: no special abilities


You were on level 2 of the Dungeon.
You were hungry.

You visited 1 branch of the dungeon, and saw 2 of its levels.

You collected 143 gold pieces.

Inventory:

Hand Weapons
 c - a +0 spear
 i - a +3 hand axe of electrocution (weapon)
Scrolls
 d - a scroll of fog
 e - a scroll of remove curse {unknown}
 g - a scroll of immolation {unknown}
 j - a scroll of enchant armour {unknown}
 l - a scroll of amnesia
Potions
 k - a potion of degeneration
Books
 a - a book of Frost

   Spells                             Type                      Level
   a - Freeze                         Ice                          1
   b - Throw Frost                    Conjuration/Ice              2
   c - Ozocubu's Armour               Charms/Ice                   3
   d - Throw Icicle                   Conjuration/Ice              4
   e - Summon Ice Beast               Ice/Summoning                4
Comestibles
 b - 2 bread rations
 f - a meat ration
 m - a royal jelly


   Skills:
 * Level 1.4 Fighting
 + Level 2.4 Dodging
 - Level 1.7 Stealth
 * Level 2.6 Spellcasting
   Level 1.0 Conjurations
 * Level 3.5 Ice Magic


You had 6 spell levels left.
You knew the following spells:

 Your Spells              Type           Power        Failure   Level  Hunger
a - Freeze                Ice            ##..         6%          1    #......


Dungeon Overview and Level Annotations

Branches:
Dungeon (2/15)

Altars:
The Shining One

Annotations:
D:2 Crazy Yiuf


Innate Abilities, Weirdness & Mutations

Your plain brown scales are hard (AC +5).
Your body does not fit into most forms of armour.
You are cold-blooded and may be slowed by cold attacks.


Message History

Aim: Crazy Yiuf, wielding a quarterstaff of chaos, wearing a cloak and carrying a wand of flame {zapped: 2} (lightly wounded)
You freeze Crazy Yiuf.
Crazy Yiuf is moderately wounded.
Crazy Yiuf hits you with a quarterstaff of chaos.
You feel yourself slow down. Crazy Yiuf freezes you.
Casting: Freeze
Confirm with . or Enter, or press ? or * to list all spells.
Aiming: Freeze
Press: ? - help, Shift-Dir - straight line, f/p - Crazy Yiuf
Aim: Crazy Yiuf, wielding a quarterstaff of chaos, wearing a cloak and carrying a wand of flame {zapped: 2} (moderately wounded)
You freeze Crazy Yiuf.
Crazy Yiuf is severely wounded.
Crazy Yiuf completely misses you.
You hit Crazy Yiuf.
Crazy Yiuf is almost dead.
You feel yourself speed up. Crazy Yiuf closely misses you.
Crazy Yiuf hits you with a quarterstaff of chaos!
Ouch! That really hurt!
You die...

### #........### #.###.
#..........# #.....
#..........#####...#.
#######..........##......#. #
##................##.##...#.
..####......##g........##.##...#.
#..#......###.##......##.##...#.
#.#.#..## #.#..........##.###.
######## #.#@#...........# #.
#.g.#...........# #. ######
#####...........# #. .....#####
#...........# #. .........#
#######...........# ##
#........###....##...........#
#.......†.......###..........####
###..####.####..# #####.#........
#..##.....##..# #.#........


You could see Crazy Yiuf.

Vanquished Creatures
  An adder (D:2)
  An ooze (D:2)
  2 giant geckos (D:2)
  4 bats
  4 giant cockroaches
  3 goblins (D:1)
  5 hobgoblins
  8 jackals
  A giant newt (D:2)
  5 kobolds
  5 rats
  5 fungi (D:2)
44 creatures vanquished.

Notes
Turn   | Place    | Note
--------------------------------------------------------------
     0 | D:1      | HEYYEYAAE the Draconian Ice Elementalist began the quest for the Orb.
     0 | D:1      | Reached XP level 1. HP: 14/14 MP: 3/3
   590 | D:1      | Reached XP level 2. HP: 18/22 MP: 0/5
   954 | D:1      | Reached skill level 1 in Fighting
  1469 | D:2      | Reached XP level 3. HP: 28/28 MP: 6/6
  1760 | D:2      | Found a glowing golden altar of the Shining One.
  2059 | D:2      | Noticed Crazy Yiuf
  2077 | D:2      | Slain by Crazy Yiuf

Skill      XL: |  1  2 |
---------------+-------+-----
Dodging        | 2 |  2.4
Fighting       | 1 |  1.4
Stealth        | |  1.7
Spellcasting   | |  2.6
Conjurations   | |  1.0
Ice Magic      | |  3.5

Action                   || total
-------------------------++-------
Melee: Spear             ||   102
       Tailslap          ||    11
       Hand axe          ||    43
 Cast: Freeze            ||    10
  Use: Scroll            ||     3
 Stab: Sleeping          ||     2
  Eat: Chunk             ||     3
Armor: Skin              ||    47
Dodge: Dodged            ||   108
